 Dungeon Crawl Stone Soup version 0.30-b1-2-g02819fbbbe (webtiles) character file.

Game seed: 15829841910842013479

311 dorian the Chopper (level 6, 0/49 HPs)
             Began as a Formicid Gladiator on May 18, 2023.
             Slain by a gnoll
             ... wielding a +0 flail
             ... led by a gnoll bouda
              (12 damage)
             ... on level 3 of the Dungeon.
             The game lasted 00:03:37 (2661 turns).

dorian the Chopper (Formicid Gladiator)             Turns: 2661, Time: 00:03:38

Health: 0/49       AC:  4    Str: 26    XL:     6   Next: 70%
Magic:  6/6        EV: 12    Int:  8    God:
Gold:   222        SH:  0    Dex: 15    Spells: 5/5 levels left

rFire   . . .        a - +0 war axe
rCold   . . .        (no shield)
rNeg    . . .        b - +0 leather armour
rPois   .            (helmet unavailable)
rElec   .            (no cloak)
rCorr   .            (no gloves)
SInv    +            p - +0 pair of boots
Will    .....        (no amulet)
Stlth   +            h - +6 ring of strength
HPRegen 0.28/turn    (no ring)
MPRegen 0.10/turn

%: no passive effects
@: no status effects
A: permanent stasis, dig shafts and tunnels, antennae 3, four strong arms
a: Dig, Shaft Self


You were on level 3 of the Dungeon.
You visited 1 branch of the dungeon, and saw 4 of its levels.

You collected 222 gold pieces.

Inventory:

Hand Weapons
 a - a +0 war axe (weapon)
Missiles
 c - 3 throwing nets
 d - a javelin
 f - 2 boomerangs (quivered)
Armour
 b - a +0 leather armour (worn)
 p - a +0 pair of boots (worn)
Jewellery
 h - a +6 ring of strength (left hand)
 o - a +6 ring of strength
Scrolls
 e - a scroll of enchant weapon {unknown}
Potions
 g - a potion of attraction {unknown}
 i - a potion of mutation {unknown}
 j - a potion of haste {unknown}
 k - a potion of curing
 l - a potion of magic {unknown}
 m - a potion of berserk rage {unknown}
 n - a potion of might {unknown}


   Skills:
 + Level 4.4 Fighting
 * Level 6.0 Axes
 - Level 2.0 Throwing
 - Level 2.6 Dodging


You had 5 spell levels left.
You didn't know any spells.
Your spell library contained the following spells:

 Spells                   Type           Power      Damage    Failure   Level
 Lesser Beckoning         Tloc           0%         N/A       58%         2
 Gell's Gravitas          Tloc           0%         N/A       83%         3
 Teleport Other           Tloc           0%         N/A       83%         3


Dungeon Overview and Level Annotations

Branches:
Dungeon (4/15)
 Temple: D:4-7

Altars:
Hepliaklqana
Qazlal
Ru
Yredelemnul


Innate Abilities, Weirdness & Mutations

You cannot be hasted, slowed, berserked, paralysed or teleported.
You can dig through walls and to a lower floor.
You have a pair of large antennae on your head. (SInv)
Your four strong arms can wield two-handed weapons with a shield.


Message History

There are monsters nearby!
You hit the gnoll.
The gnoll is lightly wounded.
The gnoll is no longer moving quickly. x2; The gnoll completely misses you.
Unknown command.
You slash the gnoll!
The gnoll is almost dead.
The gnoll barely misses you. The gnoll closely misses you.
You closely miss the gnoll.
The gnoll is almost dead.
The gnoll hits you with a +0 whip.
You hit the gnoll.
You kill the gnoll!
Your attacks no longer feel as feeble.
Your Axes skill increases to level 6!
You closely miss the gnoll.
The gnoll is no longer moving quickly.
The gnoll hits you with a +0 flail!
You are too injured to fight recklessly!
You are too injured to fight recklessly!
You are too injured to fight recklessly!
The gnoll attacks as you move away! The gnoll hits you with a +0 flail.
The gnoll is no longer moving quickly.
The gnoll attacks as you move away! The gnoll barely misses you.
The gnoll attacks as you move away! The gnoll barely misses you.
The gnoll attacks as you move away! The gnoll barely misses you.
The gnoll attacks as you move away! The gnoll hits you but does no damage.
The gnoll attacks as you move away! The gnoll hits you with a +0 flail!
* * * LOW HITPOINT WARNING * * *
The gnoll attacks as you move away! The gnoll hits you with a +0 flail!
* * * LOW HITPOINT WARNING * * *
It was a potion of curing.
You feel better. The gnoll hits you but does no damage.
There is a stone staircase leading up here.
The gnoll barely misses you.
You climb upwards.
There is a stone staircase leading down here.
You hit the gnoll.
The gnoll is lightly wounded.
The gnoll barely misses you. The gnoll hits you with a +0 flail!
You die...

########### #.........#
#.........# #.........#
########## #.........#
#..>.....# #..<......#
#....>...#
######.......@.#####........#
#.............g.............#
####.#..#.)..)....##############
.......###)###.#######
......###......# #..#
########(..##### ##.##
##......#.# ####..# ##.........#
#....## ##### #..........#
##..#######...#


You could see a gnoll.

Vanquished Creatures
  An ogre (D:3)
  A howler monkey (D:3)
  A gnoll bouda (D:4)
  6 gnolls
  3 adders
  A worm (D:2)
  3 dart slugs (D:2)
  3 orcs (D:3)
  4 ball pythons
  6 endoplasms
  3 giant cockroaches
  11 goblins
  5 hobgoblins
  3 jackals
  7 bats
  4 frilled lizards
  4 kobolds
  7 rats
73 creatures vanquished.

Notes
Turn   | Place    | Note
-------+----------+-------------------------------------------
     0 | D:1      | dorian the Formicid Gladiator began the quest for the Orb.
     0 | D:1      | Reached XP level 1. HP: 16/16 MP: 1/1
   268 | D:1      | Reached XP level 2. HP: 23/23 MP: 2/2
   916 | D:2      | Reached XP level 3. HP: 28/28 MP: 3/3
  1115 | D:2      | Reached skill level 4 in Axes
  1325 | D:2      | Found a hazy altar of Hepliaklqana.
  1332 | D:2      | Reached XP level 4. HP: 35/35 MP: 4/4
  1884 | D:3      | Reached XP level 5. HP: 41/41 MP: 5/5
  1993 | D:3      | Found a basalt altar of Yredelemnul.
  2077 | D:3      | Reached skill level 5 in Axes
  2094 | D:3      | Found a stormy altar of Qazlal.
  2212 | D:3      | Found a faded altar of an unknown god.
  2300 | D:3      | Noticed an ogre
  2310 | D:3      | Killed an ogre
  2311 | D:3      | Reached XP level 6. HP: 22/48 MP: 6/6
  2583 | D:4      | Found a sacrificial altar of Ru.
  2634 | D:4      | Reached skill level 6 in Axes
  2661 | D:3      | Slain by a gnoll

Illustrated notes

Levels and vault maps discovered:
D:1:      evilmike_arrival_hilbert_curve, layout_basic, serial_curves,
          eino_curves_04, eino_curves_04, eino_curves_03, eino_curves_02,
          minmay_misc_feat_cross
D:2:      layout_loops_ring, basic_altar, minmay_randomly_rotated_circles
D:3:      layout_rooms, nicolae_qazlal_general_emergency,
          mainiacjoe_overflow_24_doors, shapermc_ecumenical_altar_mp_vishouse,
          minmay_ogre_servants
D:4:      layout_loops_cross, mainiacjoe_overflow_paths,
          nicolae_elyvilon_peaceful_grove, nicolae_vehumet_radiance,
          minmay_temple_entry_statues, ebering_ghost_gozag, nzn_random_ring

Skill      XL: |  1  2  3  4  5  6 |
---------------+-------------------+-----
Axes           | 4 5 6 |  6.0
Fighting       | 3 4 |  4.4
Throwing       | |  2.0
Dodging        | |  2.6

Action                     |  1- 3 |  4- 6 || total
---------------------------+-------+-------++-------
  Melee: War axe           |    63 |    89 ||   152
         Punch             |     3 |     2 ||     5
  Throw: Boomerang         |     6 |       ||     6
    Use: Scroll            |       |     3 ||     3
         Potion            |       |     1 ||     1
   Stab: Sleeping          |     1 |     2 ||     3
 Armour: Leather armour    |    12 |    24 ||    36
  Dodge: Dodged            |    50 |    76 ||   126
